 Dungeon Crawl Stone Soup version 0.29-a0-275-g389c0b56f3 (webtiles) character file.

Game seed: 11414246608303028298

93853 drugrobin the Severer (level 15, 0/217 HPs)
             Began as a Demigod Fighter on Mar 13, 2022.
             Slain by a lindwurm (3 damage)
             ... summoned by Kirke
             ... on level 14 of the Dungeon.
             The game lasted 01:38:06 (34550 turns).

drugrobin the Severer (Demigod Fighter)            Turns: 34550, Time: 01:38:07

Health: 0/217      AC:  0    Str: 29    XL:     15   Next: 19%
Magic:  18/18      EV: 13    Int: 18    God:
Gold:   2474       SH:  0    Dex: 13    Spells: 11/14 levels left

rFire   . . .      SeeInvis .   (weapon currently unavailable)
rCold   . . .      Faith    .   (shield currently unavailable)
rNeg    . . .      Spirit   .   (body armour currently unavailable)
rPois   .          Reflect  .   (helmet currently unavailable)
rElec   .          Harm     .   (cloak currently unavailable)
rCorr   .          Rampage  .   (gloves currently unavailable)
Will    +....                   (boots currently unavailable)
Stlth   ..........              P - amulet of regeneration
HPRegen 1.26/turn               (ring currently unavailable)
MPRegen 0.16/turn               (ring currently unavailable)

@: berserking (expiring), pig-form (expiring), very quick
A: fast, no casting, small, high MP 1, forlorn, divine attributes
a: no special abilities


You were on level 14 of the Dungeon.
You were a filthy swine.
You visited 4 branches of the dungeon, and saw 23 of its levels.
You also visited: Gauntlet.

You collected 3766 gold pieces.
You spent 1292 gold pieces at shops.

Inventory:

Hand Weapons
 a - a +3 vampiric war axe
 b - the +4 whip of Chaos {venom, SInv}
   (You found it in a Gauntlet)

   It poisons the flesh of those it strikes.
   SInv:      It lets you see invisible.
 d - a +1 broad axe of draining (melded)
 y - a +3 scimitar of flaming
 U - a +0 broad axe
Missiles
 g - 2 boomerangs of dispersal
 A - 17 boomerangs (quivered)
 E - 16 poisoned darts
 H - 5 curare-tipped darts
 O - 7 silver javelins
Armour
 c - a +2 buckler (melded)
 k - the +2 pair of boots "Zeychyne" (melded) {rPois Str+4}
   (You acquired it on level 2 of the Orcish Mines)

   Str:       It affects your strength (+4).
   rPois:     It protects you from poison.
 M - a scarf of resistance (melded)
 Q - the +9 storm dragon scales "Reuvitic" (melded) {rElec Int+3 Slay+3}
   (You found it in a Gauntlet)

   Int:       It affects your intelligence (+3).
   Slay:      It affects your accuracy & damage with ranged weapons and melee
   (+3).
   rElec:     It insulates you from electricity.
 S - the +3 pair of gauntlets of War (melded) {Slay+5}
   (You found it in a Gauntlet)

   Slay:      It affects your accuracy & damage with ranged weapons and melee
   (+5).
Jewellery
 f - a +4 ring of evasion (melded)
 n - a ring of ice
 C - a ring of fire
 G - a +6 ring of strength (melded)
 K - a ring of flight
 P - an amulet of regeneration (around neck)
 V - an amulet of reflection
 Y - an amulet of guardian spirit
Wands
 p - a wand of iceblast (10)
 q - a wand of polymorph (13)
 B - a wand of paralysis (20)
 I - a wand of mindburst (20)
 X - a wand of flame (13)
Scrolls
 h - a scroll of silence
 i - 15 scrolls of teleportation
 l - a scroll of holy word
 m - 2 scrolls of enchant armour
 o - 2 scrolls of torment
 r - a scroll of immolation
 u - 5 scrolls of fog
 w - 3 scrolls of blinking
 x - 5 scrolls of vulnerability
 z - 3 scrolls of enchant weapon
 L - 5 scrolls of magic mapping
 R - 3 scrolls of fear
 T - a scroll of summoning
Potions
 j - 2 potions of brilliance
 s - a potion of cancellation
 t - 12 potions of curing
 v - 3 potions of attraction
 D - a potion of resistance
 F - 3 potions of haste
 J - a potion of might
 N - a potion of berserk rage
 W - 3 potions of heal wounds
 Z - a potion of invisibility {unknown}
Miscellaneous
 e - a condenser vane


   Skills:
 + Level 16.7 Fighting
 + Level 16.9 Axes
 + Level 9.9 Armour
 - Level 2.6 Shields
 - Level 6.0 Evocations


You had 11 spell levels left.
You knew the following spells:

 Your Spells              Type           Power      Damage    Failure   Level
a - Apportation           Tloc           0%         N/A       22%         1
b - Call Imp              Summ           0%         N/A       32%         2

Your spell library contained the following spells:

 Spells                   Type           Power      Damage    Failure   Level
 Animate Skeleton         Necr           0%         N/A       22%         1
 Magic Dart               Conj           0%         1d3       22%         1
 Sandblast                Erth           0%         2d4       22%         1
 Sting                    Tmut/Pois      0%         1d3       22%         1
 Passwall                 Tmut/Erth      0%         N/A       32%         2
 Poisonous Vapours        Pois/Air       0%         N/A       32%         2
 Call Canine Familiar     Summ           0%         N/A       54%         3
 Mephitic Cloud           Conj/Pois/Air  0%         N/A       54%         3
 Portal Projectile        Hex/Tloc       0%         N/A       54%         3
 Stone Arrow              Conj/Erth      0%         3d7       54%         3
 Teleport Other           Tloc           0%         N/A       54%         3
 Animate Armour           Summ/Erth      0%         N/A       91%         4
 Hailstorm                Conj/Ice       0%         3d3       91%         4
 Ice Form                 Ice/Tmut       0%         N/A       91%         4
 Leda's Liquefaction      Hex/Erth       0%         N/A       91%         4
 Olgreb's Toxic Radiance  Pois           0%         N/A       91%         4
 Passage of Golubria      Tloc           0%         N/A       91%         4
 Summon Lightning Spire   Summ/Air       0%         N/A       91%         4
 Alistair's Intoxication  Tmut/Pois      0%         N/A       99%         5
 Blade Hands              Tmut           0%         N/A       99%         5
 Borgnjor's Vile Clutch   Necr/Erth      0%         N/A       99%         5
 Excruciating Wounds      Necr           0%         N/A       99%         5
 Fireball                 Conj/Fire      0%         3d3       99%         5
 Iskenderun's Battlesphe  Conj           0%         2d6       99%         5
 Silence                  Hex/Air        0%         N/A       99%         5
 Conjure Ball Lightning   Conj/Air       0%         3x3d6     100%        6
 Eringya's Noxious Bog    Tmut/Pois      0%         N/A       100%        6
 Iron Shot                Conj/Erth      0%         9d1       100%        6
 Simulacrum               Ice/Necr       0%         N/A       100%        6
 Orb of Destruction       Conj           0%         9d5       100%        7
 Storm Form               Tmut/Air       0%         N/A       100%        7
 Lehudib's Crystal Spear  Conj/Erth      0%         10d2      100%        8
 Maxwell's Capacitive Co  Air            0%         ∞         100%        8


Dungeon Overview and Level Annotations

Branches:
Dungeon (14/15)            Temple (1/1) D:6            Lair (6/6) D:9
  Swamp (0/4) Lair:3        Snake (0/4) Lair:3        Slime (0/5) Lair:6
    Orc (2/2) D:10            Elf (0/3) Orc:2       Gauntlet (visited)
 Vaults: D:13-14

Shops:
Orc:2 ?!(:

Portals:
Pandemonium: Orc:2

Annotations:
D:13 exclusion: 3 doors
D:14 Kirke
Lair:1 3 runed translucent doors, NobodyCares's ghost, novice MiBe


Innate Abilities, Weirdness & Mutations

You are a filthy swine.
You move quickly.
Your equipment is almost entirely melded.
You are incapable of wielding weapons or throwing items.
You cannot cast spells.
You have an increased reservoir of magic. (+10% MP)
You shall have no god before yourself.
Your divine heritage dramatically boosts your attributes as you level up.


Message History

The lindwurm bites you.
* * * LOW HITPOINT WARNING * * *
The lindwurm claws you!
* * * LOW HITPOINT WARNING * * *
The lindwurm claws you!
* * * LOW HITPOINT WARNING * * *
You bite Kirke!
Kirke is severely wounded.
Unknown command.
You hit Kirke.
Kirke is severely wounded.
Kirke hits you!
* * * LOW HITPOINT WARNING * * *
Unknown command.
Unknown command.
Unknown command.
You hit Kirke.
Kirke is almost dead.
The lindwurm bites you!
* * * LOW HITPOINT WARNING * * *
The lindwurm claws you.
* * * LOW HITPOINT WARNING * * *
The lindwurm barely misses you.
Unknown command.
Unknown command.
Unknown command.
Unknown command.
You bite Kirke!
Kirke is almost dead.
Kirke points at you and mumbles some strange words.
You feel a momentary urge to oink.
Unknown command.
Unknown command.
Unknown command.
You bite Kirke!
Kirke is almost dead.
The lindwurm misses you. The lindwurm claws you!
* * * LOW HITPOINT WARNING * * *
The lindwurm claws you.
You die...

...##........
............
...........
##......h...
#...........
####...........
###.....#H.......
.......)@##......
.......kh## ......
........).## .....
...........## ....
#............##....
#..................
.##.................
#.#..........######.
#..#....[....#
#..........##


You could see Kirke, a manticore (summoned) and a lindwurm (summoned).

Vanquished Creatures
  An orc warlord (Orc:1)
  A minotaur (Gauntlet)
  2 dire elephants (Lair:6)
  Snorg (D:13)
  Josephine (Lair:4)
  2 boulder beetles
  4 hydras
  A merfolk avatar (Lair:6)
  Erica (D:10)
  A demonspawn (Orc:2)
  A centaur warrior (D:10)
  3 death knights (D:13)
  A death yak (Gauntlet)
  2 tengu warriors (D:13)
  11 two-headed ogres
  A soul eater (Orc:2)
  7 orc high priests
  A sun demon (Orc:2)
  Amaemon (Orc:1)
  7 skeletal warriors
  Lodul (D:11)
  Pikel (D:8)
  3 harpies
  8 orc sorcerers
  An ugly thing (D:12)
  4 orc knights (Orc:2)
  A cyclops (D:13)
  A faun (D:10)
  2 manticores
  A guardian serpent (D:13)
  9 elephants (Lair:6)
  A gargoyle (D:13)
  11 black mambas
  An orange demon (Orc:1)
  A torpor snail (Lair:2)
  Maggie (D:8)
  An unseen horror (D:12)
  8 komodo dragons
  14 cane toads
  4 rime drakes
  A kobold demonologist (D:13)
  A tengu conjurer (D:13)
  2 wind drakes (Lair:6)
  4 polar bears
  A red devil (Orc:2)
  5 trolls
  4 slime creatures
  A snapping turtle (Lair:6)
  5 hornets
  19 blink frogs
  20 dream sheep
  Eustachio (D:5)
  6 wyverns
  3 shadows
  48 yaks
  A ynoxinul (Orc:2)
  5 hogs (D:14)
  12 wraiths
  5 basilisks
  4 humans (D:13)
  A fire bat (D:10)
  A redback (shapeshifter) (Gauntlet)
  3 steam dragons
  11 vampire mosquitoes
  2 wargs
  An acid dragon (D:13)
  42 orc warriors
  15 water moccasins
  An ice beast (D:8)
  4 sky beasts
  6 black bears
  7 ogres
  An ice beast (shapeshifter) (Gauntlet)
  12 wolves
  7 centaurs
  2 phantoms (D:6)
  3 kobold brigands
  10 bullfrogs
  A necrophage (D:3)
  A gnoll sergeant (D:7)
  8 scorpions
  13 wights
  8 killer bees
  9 howler monkeys
  A nameless horror (Lair:3)
  9 electric eels
  A crimson imp (D:5)
  7 hounds
  3 jellies
  3 gnoll shamans
  25 orc priests
  2 human skeletons (D:3)
  3 iguanas
  19 orc wizards
  24 gnolls
  10 adders
  A shadow imp (D:7)
  3 white imps (D:6)
  2 worms
  2 dart slugs
  80 orcs
  9 endoplasms
  2 giant cockroaches
  2 goblins
  12 hobgoblins
  3 quokkas
  6 ball pythons
  5 bats
  5 frilled lizards
  15 kobolds
  3 rats
698 creatures vanquished.

Vanquished Creatures (others)
  31 fungi
  76 plants
107 creatures vanquished.

Grand Total: 805 creatures vanquished

Notes
Turn   | Place    | Note
-------+----------+-------------------------------------------
     0 | D:1      | drugrobin the Demigod Fighter began the quest for the Orb.
     0 | D:1      | Reached XP level 1. HP: 18/18 MP: 3/3
   341 | D:1      | Reached XP level 2. HP: 23/25 MP: 4/4
  1582 | D:2      | Reached XP level 3. HP: 24/30 MP: 5/5
  1883 | D:2      | Reached XP level 4. HP: 37/37 MP: 6/6
  2388 | D:3      | Noticed a necrophage
  2410 | D:3      | Killed a necrophage
  2411 | D:3      | Reached XP level 5. HP: 30/46 MP: 7/7
  2904 | D:3      | Found a runed translucent door.
  2904 | D:3      | Noticed a human
  2929 | D:3      | Reached skill level 5 in Axes
  3010 | D:3      | You fall into a shaft and drop 1 floor!
  3024 | D:4      | Noticed an ogre
  3040 | D:4      | Killed an ogre
  3041 | D:4      | Reached XP level 6. HP: 53/53 MP: 8/8
  3236 | D:3      | Learned a level 1 spell: Apportation
  3589 | D:4      | Reached skill level 5 in Fighting
  3781 | D:4      | Reached XP level 7. HP: 60/61 MP: 9/9
  4060 | D:5      | Entered Level 5 of the Dungeon
  4816 | D:5      | Noticed Eustachio
  4855 | D:5      | HP: 3/63 [iron imp[Eustachio] (4)]
  4861 | D:5      | Killed Eustachio
  4862 | D:5      | Reached XP level 8. HP: 5/71 MP: 10/10
  5445 | D:6      | Noticed Grinder
  5446 | D:6      | Noticed Grinder
  5446 | D:6      | Grinder changed into Grinder the crimson imp
  5453 | D:5      | Killed Grinder the crimson imp
  5769 | D:6      | Found a staircase to the Ecumenical Temple.
  5828 | Temple   | Entered the Ecumenical Temple
  6887 | D:6      | Reached XP level 9. HP: 74/81 MP: 11/11
  8516 | D:7      | Found Xuaqayso's Magic Scroll Shop.
  8521 | D:7      | Bought a scroll of identify for 26 gold pieces
  8521 | D:7      | Bought a scroll of teleportation for 39 gold pieces
  8521 | D:7      | Bought a scroll of fear for 45 gold pieces
  8521 | D:7      | Bought a scroll of magic mapping for 45 gold pieces
  8521 | D:7      | Bought a scroll of amnesia for 45 gold pieces
  8521 | D:7      | Bought a scroll of enchant armour for 97 gold pieces
  8534 | D:7      | Identified a scroll of acquirement
  8535 | D:7      | Acquired 888 gold pieces
  8545 | D:7      | Bought a scroll of vulnerability for 97 gold pieces
  8545 | D:7      | Bought a scroll of identify for 26 gold pieces
  8545 | D:7      | Bought a scroll of identify for 26 gold pieces
  9486 | D:7      | Reached skill level 10 in Axes
 10323 | D:8      | Reached XP level 10. HP: 83/90 MP: 13/13
 10508 | D:8      | Reached skill level 10 in Fighting
 11155 | D:8      | Noticed a two-headed ogre
 11170 | D:8      | Killed a two-headed ogre
 11271 | D:8      | Noticed Maggie
 11289 | D:8      | Killed Maggie
 11465 | D:8      | Noticed Pikel
 11478 | D:8      | Killed Pikel
 12171 | D:8      | Reached skill level 1 in Evocations
 12828 | D:9      | Found a staircase to the Lair.
 13075 | D:9      | Noticed a two-headed ogre
 13096 | D:9      | Killed a two-headed ogre
 13154 | D:9      | Reached XP level 11. HP: 89/102 MP: 14/14
 13840 | D:9      | Noticed a two-headed ogre
 13900 | D:9      | Killed a two-headed ogre
 14554 | D:10     | Entered Level 10 of the Dungeon
 14861 | D:10     | Found a staircase to the Orcish Mines.
 15269 | D:10     | Noticed a centaur warrior
 15269 | D:10     | Noticed a centaur warrior
 15809 | D:10     | a centaur warrior changed into a faun
 16512 | D:10     | Noticed a two-headed ogre
 16567 | D:10     | Killed a two-headed ogre
 17207 | D:10     | Noticed Erica
 18624 | D:10     | Killed Erica
 18625 | D:10     | Reached skill level 5 in Evocations
 18678 | D:10     | Killed a centaur warrior
 19652 | D:11     | Noticed a skeletal warrior
 19654 | D:11     | Noticed a skeletal warrior
 19655 | D:11     | Noticed a skeletal warrior
 19725 | D:11     | Noticed Lodul
 19794 | Lair:1   | Entered Level 1 of the Lair of Beasts
 20547 | Lair:1   | Reached XP level 12. HP: 104/113 MP: 15/15
 20558 | Lair:1   | Learned a level 2 spell: Call Imp
 20794 | Lair:1   | Found a runed translucent gate.
 20794 | Lair:1   | Found a runed translucent gate.
 20794 | Lair:1   | Found a runed translucent gate.
 21228 | Lair:1   | Noticed NobodyCares's ghost (novice MiBe)
 21538 | Lair:1   | Noticed a great orb of eyes
 23101 | Lair:3   | Found a staircase to the Snake Pit.
 23895 | Lair:3   | Found a staircase to the Swamp.
 24930 | Lair:4   | Noticed a boulder beetle
 24950 | Lair:4   | Killed a boulder beetle
 25194 | Lair:5   | Found a gate leading to a gauntlet.
 25220 | Gauntlet | Entered a Gauntlet
 25220 | Gauntlet | Found a transporter.
 25220 | Gauntlet | Found a transporter.
 25222 | Gauntlet | Found a transporter.
 25222 | Gauntlet | Found a transporter.
 25225 | Gauntlet | Found a transporter.
 25242 | Gauntlet | Found a transporter.
 25244 | Gauntlet | Found a transporter.
 25286 | Gauntlet | Found a transporter.
 25288 | Gauntlet | Found a transporter.
 25288 | Gauntlet | Found a transporter.
 25300 | Gauntlet | Found a transporter.
 25314 | Gauntlet | Found the +3 pair of gauntlets of War {Slay+5}
 25316 | Gauntlet | Found a transporter.
 25323 | Gauntlet | Noticed a great orb of eyes
 25326 | Gauntlet | Found a transporter.
 25340 | Gauntlet | Found a transporter.
 25354 | Gauntlet | Noticed an ice dragon
 25354 | Gauntlet | Noticed a fire dragon
 25354 | Gauntlet | an ice dragon changed into a fire dragon
 25358 | Gauntlet | Noticed a spark wasp
 25358 | Gauntlet | a fire dragon changed into a spark wasp
 25359 | Gauntlet | a spark wasp changed into a tyrant leech
 25435 | Gauntlet | Paralysed by a hornet for 1 turns
 25478 | Gauntlet | Identified the +9 storm dragon scales "Reuvitic" {rElec
                  | Int+3 Slay+3}
 25534 | Gauntlet | Noticed an anaconda
 25534 | Gauntlet | a shining eye changed into an anaconda
 25535 | Gauntlet | Noticed an ettin
 25535 | Gauntlet | an anaconda changed into an ettin
 25536 | Gauntlet | an ettin changed into a goliath frog
 25562 | Gauntlet | Noticed a seven-headed hydra
 25562 | Gauntlet | a tyrant leech changed into a seven-headed hydra
 25563 | Gauntlet | a seven-headed hydra changed into a satyr
 25565 | Gauntlet | Noticed a broodmother
 25565 | Gauntlet | a satyr changed into a broodmother
 25571 | Gauntlet | Noticed an entropy weaver
 25571 | Gauntlet | a broodmother changed into an entropy weaver
 25574 | Gauntlet | Noticed a radroach
 25574 | Gauntlet | an entropy weaver changed into a radroach
 25575 | Gauntlet | Noticed a great orb of eyes
 25575 | Gauntlet | a radroach changed into a great orb of eyes
 25576 | Gauntlet | Noticed an ettin
 25576 | Gauntlet | a great orb of eyes changed into an ettin
 25583 | Gauntlet | an ettin changed into a slime creature
 25585 | Gauntlet | Noticed a jorogumo
 25585 | Gauntlet | a tyrant leech changed into a jorogumo
 25586 | Gauntlet | Noticed an ice dragon
 25586 | Gauntlet | a jorogumo changed into an ice dragon
 25589 | Gauntlet | Noticed a broodmother
 25589 | Gauntlet | an ice dragon changed into a broodmother
 25593 | Gauntlet | Noticed a radroach
 25593 | Gauntlet | a broodmother changed into a radroach
 25594 | Gauntlet | a radroach changed into a wolf spider
 25638 | Gauntlet | Noticed a spark wasp
 25638 | Gauntlet | a moth of wrath changed into a spark wasp
 25649 | Gauntlet | Noticed a radroach
 25649 | Gauntlet | a spark wasp changed into a radroach
 25651 | Gauntlet | a radroach changed into something unseen
 25656 | Gauntlet | Identified the +4 whip of Chaos {venom, SInv}
 25658 | Gauntlet | Noticed a radroach
 25658 | Gauntlet | a goliath frog changed into a radroach
 25660 | Gauntlet | Noticed an ice dragon
 25660 | Gauntlet | a radroach changed into an ice dragon
 25663 | Gauntlet | an ice dragon changed into a goliath frog
 25667 | Gauntlet | Noticed a great orb of eyes
 25667 | Gauntlet | a tyrant leech changed into a great orb of eyes
 25668 | Gauntlet | Noticed a fire dragon
 25668 | Gauntlet | a great orb of eyes changed into a fire dragon
 25672 | Gauntlet | a fire dragon changed into a wolf spider
 25695 | Gauntlet | Noticed a jorogumo
 25695 | Gauntlet | an alligator changed into a jorogumo
 25701 | Gauntlet | a jorogumo changed into a slime creature
 25705 | Gauntlet | Noticed an ice dragon
 25705 | Gauntlet | a tyrant leech changed into an ice dragon
 25707 | Gauntlet | an ice dragon changed into an alligator
 25712 | Gauntlet | Noticed a two-headed ogre
 25712 | Gauntlet | a manticore changed into a two-headed ogre
 25715 | Gauntlet | Noticed a broodmother
 25715 | Gauntlet | an alligator changed into a broodmother
 25717 | Gauntlet | Noticed a two-headed ogre
 25717 | Gauntlet | a broodmother changed into a two-headed ogre
 25719 | Gauntlet | a two-headed ogre changed into a dream sheep
 25727 | Gauntlet | a two-headed ogre changed into a shining eye
 25784 | Gauntlet | Reached XP level 13. HP: 62/124 MP: 16/16
 25869 | Gauntlet | Noticed a minotaur
 25905 | Gauntlet | Killed a minotaur
 26096 | Lair:5   | Noticed Josephine
 26226 | Lair:4   | Killed Josephine
 26767 | Lair:6   | Entered Level 6 of the Lair of Beasts
 26923 | Lair:6   | Paralysed by a hornet for 3 turns
 26987 | Lair:6   | Reached skill level 15 in Axes
 26999 | Lair:6   | Reached skill level 5 in Armour
 27394 | Lair:6   | Noticed a dire elephant
 27434 | Lair:6   | Killed a dire elephant
 27435 | Lair:6   | Reached skill level 15 in Fighting
 27742 | Lair:6   | Noticed a dire elephant
 27777 | Lair:6   | Killed a dire elephant
 28033 | Lair:6   | Found a staircase to the Slime Pits.
 28159 | Lair:6   | Reached XP level 14. HP: 128/135 MP: 17/17
 28400 | Lair:6   | Identified the +11 dagger "Wutom" {holy, Fly}
 28759 | Orc:1    | Entered Level 1 of the Orcish Mines
 28759 | Orc:1    | Noticed Sonja
 28760 | Orc:1    | Noticed Sonja
 28760 | Orc:1    | Sonja changed into Sonja the harpy
 28771 | Orc:1    | Killed Sonja the harpy
 29497 | Orc:1    | Noticed Amaemon
 29517 | Orc:1    | Killed Amaemon
 29750 | Orc:2    | Entered Level 2 of the Orcish Mines
 29820 | Orc:2    | Noticed an orc warlord
 29850 | Orc:2    | Found a staircase to the Elven Halls.
 29881 | Orc:1    | Killed an orc warlord
 30419 | Orc:2    | Found Taaleg's Distillery.
 30492 | Orc:2    | Found Iheluch's Magic Scroll Emporium.
 30722 | Orc:2    | Bought a scroll of identify for 22 gold pieces
 30722 | Orc:2    | Bought a scroll of acquirement for 572 gold pieces
 30722 | Orc:2    | Bought a scroll of holy word for 82 gold pieces
 30722 | Orc:2    | Bought a scroll of teleportation for 33 gold pieces
 30722 | Orc:2    | Bought a scroll of enchant weapon for 82 gold pieces
 30722 | Orc:2    | Bought a scroll of fog for 22 gold pieces
 30722 | Orc:2    | Bought a scroll of teleportation for 33 gold pieces
 30723 | Orc:2    | Acquired the +2 pair of boots "Zeychyne" {rPois Str+4}
 31085 | Orc:2    | Found Oror's Book Boutique.
 31085 | Orc:2    | Found a one-way gate leading to the halls of Pandemonium.
 31085 | Orc:2    | Found Plog's Antique Weapon Shop.
 31687 | D:11     | Killed Lodul
 33205 | D:13     | Reached XP level 15. HP: 145/145 MP: 18/18
 33258 | D:13     | Noticed Snorg
 33265 | D:13     | Killed Snorg
 33490 | D:13     | Noticed Maurice
 33494 | D:13     | Noticed Maurice
 33494 | D:13     | Maurice changed into Maurice the blink frog
 33496 | D:13     | Killed Maurice the blink frog
 33557 | D:13     | Got Sif Muna's Handbook of Lethal Orientation
 34515 | D:14     | Noticed Kirke
 34548 | D:14     | HP: 9/217 [lindwurm[Kirke] (4)]
 34550 | D:14     | HP: 3/217 [lindwurm[Kirke] (7)]
 34550 | D:14     | Slain by a lindwurm

Illustrated notes

Levels and vault maps discovered:
D:1:      wander_arrival_chamber, layout_loops_cross,
          dreamdust_ecumenical_altar_hidden_monk_grotto, bh_walls_and_bars
D:2:      layout_basic, chequers_serial_rivers_large_a, minmay_statues_item
D:3:      layout_loops_ring, kiku_gazebo_pond_becter, dk_yredelemnul_ordeal,
          nicolae_ru_path_of_blood, chequers_serial_rivers_micro_c,
          nicolae_elevator_lobby_plus
D:4:      layout_rooms, nicolae_overflow_hidden_temple, st_stairs_10
D:5:      layout_basic, uniq_eustachio
D:6:      layout_rooms, xom_confusion_cloud, minmay_temple_entry_ruins,
          hangedman_glass_teeth, uniq_grinder
D:7:      layout_loops_cross, nemelex_diamond_rough_becter, serial_shops, shop
D:8:      layout_basic, mainiacjoe_overflow_catwalk, lemuel_crystal_altar,
          uniq_maggie, uniq_pikel
D:9:      layout_basic, minitemple, slow_altar_1, nicolae_overflow_squiral,
          lair_entry_dummy
D:10:     minmay_thinvault, layout_basic, orc_0_dummy, uniq_erica
D:11:     layout_rooms, nicolae_dithmenos_the_darkroom, uniq_lodul
D:12:     layout_rooms, serial_glass, glass_columns_c, glass_columns_c,
          item_on_display_a, minmay_strange_pillars, due_unseen_surprise,
          item_on_display_a, okawaru_metal_pillars_1_2
D:13:     cheibrodos_tormentor_scu, layout_basic, grunt_vaults_entry_tiered,
          nicolae_wwwww, nrook_guardian_serpent_double, uniq_snorg, uniq_maurice
D:14:     layout_layer_cave, nicolae_elyvilon_peaceful_grove, uniq_kirke
Temple:   dpeg_three_leaves_temple
Lair:1:   layout_small_grid, serial_bayou, serial_bayou_pond_e,
          serial_bayou_shore_b, serial_bayou_shore_a, serial_bayou_lake_a,
          gammafunk_ghost_ooze, beast_lair_carwin_11, infiniplex_staircase_pool
Lair:2:   layout_gridlike, grunt_megastairs_4
Lair:3:   layout_hall_layers, swamp_mist, minmay_snake_entry_six_corridors,
          grunt_megastairs_1
Lair:4:   layout_big_grid
Lair:5:   layout_loops_ring, gauntlet_entry_generic,
          infiniplex_staircase_pool_2, uniq_josephine
Lair:6:   gammafunk_lair_ancient_temple, layout_long_grid, slime_altar_1
Orc:1:    minmay_goldmine, layout_caves, uniq_sonja, uniq_amaemon
Orc:2:    pf_orc_diabolical, layout_caves, nicolae_orc_flooded_monolith

Skill      XL: |  1  2  3  4  5  6  7  8  9 10 11 12 13 14 |
---------------+-------------------------------------------+-----
Axes           | 2 3 4 5 7 8 10 11 12 14 15 16 | 16.9
Fighting       | 3 4 5 6 8 9 11 12 14 15 16 | 16.7
Evocations     | 2 6 |  6.0
Armour         | 6 9 |  9.9
Shields        | |  2.6

Action                   |  1- 3 |  4- 6 |  7- 9 | 10-12 | 13-15 || total
-------------------------+-------+-------+-------+-------+-------++-------
Melee: War axe           |    73 |    53 |   126 |   413 |   643 ||  1308
       Whip              |    26 |    88 |   338 |   562 |   378 ||  1392
       Unarmed           |       |       |     9 |       |    22 ||    31
       Flail             |       |       |    19 |       |       ||    19
       Scimitar          |       |       |       |       |     7 ||     7
       Broad axe         |       |       |       |       |    61 ||    61
Throw: Throwing net      |       |     2 |       |       |       ||     2
       Dart              |       |       |     5 |    20 |     9 ||    34
       Boomerang         |       |       |     1 |    62 |     8 ||    71
 Cast: Call Imp          |       |       |       |    15 |       ||    15
       Apportation       |       |       |       |       |     2 ||     2
Evoke: Wand              |       |       |     3 |    35 |    12 ||    50
  Use: Potion            |       |       |     3 |     5 |     1 ||     9
       Scroll            |       |       |    10 |     8 |     5 ||    23
 Stab: Held in net/web   |       |     1 |       |       |       ||     1
       Paralysed         |       |       |       |    11 |     2 ||    13
Armor: Scale mail        |    26 |    40 |    12 |       |       ||    78
       Chain mail        |       |       |    23 |       |       ||    23
       Skin              |       |       |    18 |     8 |       ||    26
       Leather armour    |       |       |    82 |   231 |       ||   313
       Storm dragon scal |       |       |       |    10 |   489 ||   499
Dodge: Dodged            |    52 |    72 |   333 |   580 |   411 ||  1448
Block: Buckler           |    18 |    26 |   110 |   216 |   160 ||   530

Table legend: (Time is in decaauts)
 A = Elapsed time spent in this place.
 B = Non-inter-level travel time spent in this place.
 C = Inter-level travel time spent in this place.
 D = Time resting spent in this place.
 E = Time spent auto-exploring this place.
 F = Levels seen in this place.
 G = Mean time per level.
                   A        B        C        D        E       F      G
               +--------+--------+--------+--------+--------+-----+--------+
         Total |  34307 |  32833 |   1474 |  10691 |  13259 |  24 | 1429.5 |
       Dungeon |  23153 |  22139 |   1014 |   8615 |   8366 |  14 | 1653.8 |
        Temple |    370 |    370 |      0 |    345 |      0 |   1 |  370.0 |
          Lair |   7512 |   7157 |    355 |   1305 |   3783 |   6 | 1252.0 |
  Orcish Mines |   2509 |   2404 |    105 |    249 |   1015 |   2 | 1254.5 |
      Gauntlet |    761 |    761 |      0 |    176 |     94 |   1 |  761.0 |
               +--------+--------+--------+--------+--------+-----+--------+

Top non-repeatable levels by time:
     D:9: 4080 daAuts
    D:10: 3533 daAuts
     D:8: 2581 daAuts
     D:5: 2458 daAuts
     D:6: 1801 daAuts
  Lair:6: 1643 daAuts
     D:7: 1631 daAuts
  Lair:1: 1586 daAuts
  Lair:3: 1536 daAuts
   Orc:2: 1527 daAuts
    D:13: 1490 daAuts
     D:2: 1211 daAuts
  Lair:2: 1184 daAuts
     D:1: 1152 daAuts
     D:3: 1015 daAuts
